[Event "Austrian Championship 2022"]
[Site "Vienna"]
[Date "2022.08.13"]
[Round "2.4"]
[White "Sandhoefner, Florian"]
[Black "Diermair, Andreas"]
[Result "0-1"]
[ECO "D02"]
[WhiteElo "2289"]
[BlackElo "2452"]
[Annotator "TA"]
[PlyCount "84"]
[EventDate "2022.08.12"]
[EventType "swiss"]
[EventCountry "AUT"]
[SourceTitle "playchess.com"]
[Source "ChessBase"]
[SourceQuality "1"]
[TimeControl "40/5400+30:1800+30"]

1. d4 Nf6 2. Nf3 d5 3. Bf4 c5 4. c3 Nc6 5. e3 Qb6 6. Qb3 c4 7. Qxb6 axb6 8. h3 {[%emt 0:00:00] D02: 1 d4 d5 2 Nf3 sidelines, including 2...Nf6 3 g3 and 2...Nf6 3 Bf4.} e6 9. Be2 b5 10. O-O {[%emt 0:00:00] Black has an edge.} b4 11. a3 {[%emt 0:00:00] [#]} b3 $146 ({Predecessor:} 11... Be7 12. Nfd2 O-O 13. cxb4 Bxb4 14. Nc3 Ba5 15. Rfc1 Bd7 16. b3 Bxc3 17. Rxc3 b5 {0-1 (32) Van Veenendaal,E (2094)-Curi,G (2231) Montevideo 2017}) 12. Nbd2 b5 13. Bh2 Bb7 14. Rfe1 Be7 15. Bf1 O-O 16. g4 Nd7 17. e4 Nb6 18. Rab1 (18. exd5 $1 $11 {is more appropriate.} Nxd5 19. Bg2) 18... Na4 {[%emt 0:02:06][%cal Oe7a3] Hoping for ...Bxa3!} 19. Re3 Rfe8 (19... dxe4 {feels hotter.} 20. Nxe4 Bxa3 21. bxa3 Ne7) 20. Bg2 Bf8 21. Ne1 (21. Ne5 $1 $15) 21... Ne7 $17 {[%emt 0:03:06] 0x0.002360f01316dp-1022s more active pieces.} 22. e5 (22. Bd6 $17) 22... Nc8 (22... Nc6 $19 {[%cal Oa4b2] ...Nxb2! is the strong threat.} 23. Nef3 {[#]} Nxb2 $1 24. Rxb2 Rxa3) 23. f4 (23. Bf3 $17 {was worth a try.}) 23... Ncb6 $19 24. Nef3 (24. Bf3 $142) 24... Bc8 25. Bg3 Bd7 26. Be1 Rec8 27. Nf1 $2 {[%emt 0:00:00] [#]} (27. h4 {keeps fighting.} Nxb2 28. Rxb2) 27... Nxb2 $1 28. Rxb2 Rxa3 29. Rb1 Na4 30. Ng3 b4 {[%emt 0:03:09] Black is clearly winning.} 31. Ne2 b2 {[%emt 0:00:24] Threatens to win with ...Ra1.} 32. Kf2 Ra1 33. Nd2 bxc3 {[%emt 0:01:32][%mdl 64] Remove Defender} 34. Nxc3 Nxc3 35. Rxc3 Bb4 36. Rc2 c3 37. Rbxb2 cxb2 38. Rxb2 Bc3 39. Rb3 Bxd4+ 40. Ke2 Ba4 41. Rb7 g5 42. Nf3 Bd1+ {Weighted Error Value: White=0.55/Black=0.05 (flawless)} 0-1

[Event "Austrian Championship 2022"]
[Site "Vienna"]
[Date "2022.08.13"]
[Round "2.4"]
[White "Spiesberger, Gerhard"]
[Black "Kienboeck, Benjamin"]
[Result "1/2-1/2"]
[ECO "D02"]
[WhiteElo "1972"]
[BlackElo "2151"]
[Annotator "TA"]
[PlyCount "93"]
[EventDate "2022.08.12"]
[EventType "swiss"]
[EventCountry "AUT"]
[SourceTitle "playchess.com"]
[Source "ChessBase"]
[SourceQuality "1"]
[TimeControl "40/5400+30:1800+30"]

1. d4 Nf6 2. g3 d5 3. Bg2 g6 4. Nf3 Bg7 5. O-O O-O 6. Nbd2 c6 7. Re1 {[%emt 0:00:51] D02: 1 d4 d5 2 Nf3 sidelines, including 2...Nf6 3 g3 and 2...Nf6 3 Bf4.} Ne4 8. Ne5 Nd6 {[%emt 0:01:19] [#]} 9. e4 $146 {[%emt 0:03:06] White is slightly better.} ({Predecessor:} 9. c3 Nd7 10. Nd3 e5 11. dxe5 Nxe5 12. Nxe5 Bxe5 13. Nf3 Bg7 14. Qb3 Qb6 15. Be3 {1-0 (39) Ehmann,R (1540)-Dupke,A (1762) Mecklenburg VP 2017}) 9... Be6 10. c3 dxe4 11. Nxe4 Nxe4 12. Bxe4 Bd5 13. Qf3 Nd7 14. Nxd7 Qxd7 15. Bxd5 cxd5 16. Kg2 Bf6 17. Bf4 Rfc8 18. Re2 b5 19. Rae1 e6 20. h4 h5 (20... b4 $14) 21. g4 (21. Re3 $16) 21... hxg4 $14 22. Qxg4 Kf8 23. Bg5 Qe7 {[%emt 0:00:30] [#]} (23... Bxg5 $16 {might work better.} 24. Qxg5 Qe7) 24. f4 $2 (24. Rxe6 $1 $18 {[%mdl 512] is more deadly.} fxe6 25. Rxe6 Bxg5 26. hxg5 (26. Rxe7 Bxe7 27. Qxg6 Rd8 $11)) 24... Kg7 $16 25. h5 (25. Re5 $1 $16) 25... Bxg5 $14 26. hxg6 (26. fxg5 $5 gxh5 27. Qf4 $14 (27. Qxh5 Rh8 $11)) 26... Qf6 27. fxg5 Qxg6 28. Rf2 {Strongly threatening Rf6.} Rg8 (28... Rh8 $5 ) 29. Ref1 {And now Rf6 would win.} Raf8 {[%emt 0:00:30] [#]} 30. Rf6 $1 ({Much weaker is} 30. Qg3 $6 Rh8 $11) 30... Qc2+ {[%emt 0:00:30][%mdl 8192] [#]} (30... Qe4+ $16 {is tougher.} 31. Qxe4 dxe4) 31. R1f2 $2 (31. Kg1 $1 $18 {is the precise move to win. Intending Qh5 and mate.} Qd3 32. Qh5 Qg3+ 33. Kh1) 31... Qe4+ $16 32. Qf3 {The board is on fire.} ({White should play} 32. Qxe4 $16 dxe4 33. g6) 32... Kh8 (32... Rh8 $11) 33. Rh6+ (33. Qxe4 $16 {White wants to mate with Rh6+.} dxe4 34. g6 (34. Rxf7 Rxg5+ 35. Kh3 Rxf7 $11)) 33... Kg7 $14 34. Qxe4 $1 dxe4 {[%emt 0:00:30][%mdl 4096] Endgame KRR-KRR} 35. Rhf6 {White is more active.} (35. Kg3 $16) 35... Rh8 $132 {[%emt 0:00:30][%mdl 2048] Black is fighting back. The position is equal.} 36. Kf1 Rh5 37. g6 Rf5 38. Rxf7+ R8xf7 39. gxf7 e3 {[%emt 0:00:30][%mdl 64] Pin} 40. Rxf5 exf5 {[%emt 0:00:30][%cal Be6f5,Bf5f4][%mdl 32] KP-KP} 41. Ke2 f4 42. b3 Kxf7 43. c4 bxc4 44. bxc4 Ke6 45. Kf3 Kd6 46. Ke2 Ke6 47. Kf3 {Weighted Error Value: White=0.49/Black=0.45} 1/2-1/2

[Event "Austrian Championship 2022"]
[Site "Vienna"]
[Date "2022.08.13"]
[Round "2.5"]
[White "Schwabeneder, Florian"]
[Black "Sadilek, Maximilian"]
[Result "1/2-1/2"]
[ECO "A88"]
[WhiteElo "2430"]
[BlackElo "2230"]
[Annotator "TA"]
[PlyCount "32"]
[EventDate "2022.08.12"]
[EventType "swiss"]
[EventCountry "AUT"]
[SourceTitle "playchess.com"]
[Source "ChessBase"]
[SourceQuality "1"]
[TimeControl "40/5400+30:1800+30"]

1. Nf3 d6 2. d4 f5 3. g3 Nf6 4. Bg2 g6 5. O-O Bg7 6. b3 O-O 7. Bb2 c6 8. c4 Qe8 9. Nc3 Na6 10. d5 Bd7 11. Rc1 h6 {[%emt 0:06:40] A88: Dutch Defence: Leningrad System: 5 Nf3 0-0 6 0-0 d6 7 Nc3 c6.} 12. Qd2 {[%emt 0:12:05] [#]} g5 $146 ({Predecessor:} 12... Nc5 13. Ne1 Rc8 14. Nd3 Nxd3 15. exd3 Nh5 16. Rfe1 Qf7 17. Qe3 f4 18. Qxe7 Qf5 19. Qxd6 fxg3 20. fxg3 {½-½ (52) Boyd,S (2449)-Voetter,H (2412) ICCF email 2009}) 13. e3 Nc5 14. Nd4 Rc8 15. Qe2 Qg6 16. f4 e5 {[%emt 0:00:30] Black got outplayed after the opening.  Weighted Error Value: White=0.10 (very precise) /Black=0.10 (very precise)} 1/2-1/2

[Event "Austrian Championship 2022"]
[Site "Vienna"]
[Date "2022.08.13"]
[Round "2.5"]
[White "Jethan, Martin"]
[Black "Tumanyan, Gor"]
[Result "1/2-1/2"]
[ECO "A45"]
[WhiteElo "2103"]
[BlackElo "1884"]
[Annotator "NA RC"]
[PlyCount "29"]
[EventDate "2022.08.12"]
[EventType "swiss"]
[EventCountry "AUT"]
[SourceTitle "playchess.com"]
[Source "ChessBase"]
[SourceQuality "1"]
[TimeControl "40/5400+30:1800+30"]

1. d4 Nf6 2. Bg5 c5 3. Bxf6 gxf6 4. d5 Qb6 5. Qc1 f5 6. c4 Bg7 7. Nc3 d6 8. e3 Nd7 9. Qc2 Qa5 10. Nge2 b5 11. cxb5 a6 12. bxa6 Bxa6 13. Ng3 Rb8 14. Nxf5 Bf6 15. Rc1 1/2-1/2

[Event "Austrian Championship 2022"]
[Site "Vienna"]
[Date "2022.08.13"]
[Round "2.6"]
[White "Menezes, Christoph"]
[Black "Belke, Frank"]
[Result "1-0"]
[ECO "D71"]
[WhiteElo "2417"]
[BlackElo "2226"]
[Annotator "TA"]
[PlyCount "105"]
[EventDate "2022.08.12"]
[EventType "swiss"]
[EventCountry "AUT"]
[SourceTitle "playchess.com"]
[Source "ChessBase"]
[SourceQuality "1"]
[TimeControl "40/5400+30:1800+30"]

1. d4 Nf6 2. c4 g6 3. g3 c6 4. Bg2 d5 5. Qa4 Bg7 6. cxd5 {[%emt 0:00:45] D71: Fianchetto Grünfeld: 3 g3 d5 sidelines and 5 cxd5 (without Nf3).} Nxd5 7. Nf3 Nb6 8. Qd1 {[%emt 0:04:31] The position is equal.} Bg4 9. Ne5 Bxe5 10. dxe5 Qxd1+ 11. Kxd1 N8d7 {[%emt 0:02:28] [#]} 12. f4 $146 ({Predecessor:} 12. h3 Be6 13. f4 O-O-O 14. Kc2 Nc5 15. Nc3 Nd5 16. Nxd5 Bxd5 17. Rg1 Bxg2 18. Rxg2 {½-½ (58) Saduakassova,D (2472)-Lagno,K (2560) St Petersburg 2018}) 12... O-O-O 13. Ke1 f6 14. h3 Be6 15. exf6 exf6 16. Nc3 Rhe8 17. Kf2 f5 18. Be3 Nf6 19. Rhd1 Bd5 (19... Rxd1 $11 20. Rxd1 Nfd5 21. Bxd5 Nxd5 22. Bxa7 Nxc3 23. bxc3 Bxa2) 20. Bxb6 $14 axb6 21. Bxd5 Nxd5 22. Nxd5 Rxd5 23. Rxd5 cxd5 {[%emt 0:00:02][%mdl 4096] Endgame KR-KR} 24. Rd1 Rd8 25. g4 Kc7 26. gxf5 gxf5 27. Rg1 Rd7 28. Rg5 Rf7 29. Ke3 Kc6 (29... h6 $16 30. Rg6 Re7+ 31. Kd3 Re4) 30. Kd3 $18 Kc5 31. e3 Rf6 32. h4 b5 33. h5 $2 (33. a3 $18) 33... b4 $1 $14 34. b3 b6 (34... b5 $14) 35. Kd2 (35. Rg8 $1 $16) 35... Rf7 $11 36. Kd3 (36. Kd1 $11) 36... Rf6 $16 37. Rg7 (37. Rg8 $1 $16) 37... Rh6 $14 38. Rg5 ({White should try} 38. Rc7+ $11 Kd6 39. Rf7) 38... Rf6 $16 39. Rg8 $1 Rh6 {[%emt 0:00:09] [#]} 40. Rc8+ $1 Kd6 41. Rd8+ Kc5 42. Rc8+ Kd6 $1 43. Kd4 {[%emt 0:02:24] Strongly threatening Rb8. White is more active.} Kd7 $2 {[%emt 0:09:11] This move loses the game for Black.} (43... Rxh5 $16 44. Rd8+ Ke6) 44. Rb8 $18 Kc6 45. Rf8 Rxh5 {[%emt 0:00:00] [#]} 46. Rf6+ $1 Kc7 (46... Kd7 {might work better.} 47. Rxb6 (47. Kxd5 Kc7 $16) 47... Rh2 48. Kxd5 (48. Rxb4 Rxa2 49. Kxd5 Re2 $16) 48... Rxa2 49. Rb7+ (49. Rxb4 Re2 $16) 49... Kd8 50. Rxh7 Re2) 47. Kxd5 Rh3 (47... h6 $142 48. Kd4 Kb7) 48. Rxf5 {[%emt 0:00:00] And now Rf7+ would win. White is clearly winning.} Rxe3 (48... Kd7 $142 49. e4 Ke7 50. Re5+ Kf8) 49. Rf7+ Kd8 50. Rxh7 Re2 51. Rb7 Rd2+ 52. Ke5 Re2+ 53. Kf5 {[%emt 0:00:00] Weighted Error Value: White=0.15 (very precise) /Black=0.19 (very precise)} 1-0

[Event "Austrian Championship 2022"]
[Site "Vienna"]
[Date "2022.08.13"]
[Round "2.6"]
[White "Teuschler, Barbara"]
[Black "Kersten, Julian"]
[Result "1/2-1/2"]
[ECO "B54"]
[WhiteElo "2097"]
[BlackElo "1999"]
[Annotator "NA RC"]
[PlyCount "66"]
[EventDate "2022.08.12"]
[EventType "swiss"]
[EventCountry "AUT"]
[SourceTitle "playchess.com"]
[Source "ChessBase"]
[SourceQuality "1"]
[TimeControl "40/5400+30:1800+30"]

1. e4 c5 2. Nf3 e6 3. d4 cxd4 4. Nxd4 a6 5. Nc3 d6 6. g4 Ne7 7. Be3 Nbc6 8. Nb3 Qc7 9. f4 b5 10. Bxb5 Bb7 11. Bd3 g6 12. Qd2 Bg7 13. O-O-O Nb4 14. Bd4 Nxd3+ 15. Qxd3 e5 16. fxe5 dxe5 17. Bc5 Rc8 18. Rhf1 O-O 19. Bd6 Qd8 20. Qg3 Re8 21. Bxe5 Bxe5 22. Qxe5 Nd5 23. Qg3 Qg5+ 24. Rd2 Nxc3 25. bxc3 Bxe4 26. Kb2 Qb5 27. Re1 a5 28. Rd4 Bc6 29. Rxe8+ Rxe8 30. a4 Qe2 31. Rd2 Qe4 32. Rd4 Qe2 33. Rd2 Qe4 1/2-1/2

[Event "Austrian Championship 2022"]
[Site "Vienna"]
[Date "2022.08.13"]
[Round "2.7"]
[White "Neumeier, Klaus"]
[Black "Morgunov, Marc"]
[Result "1-0"]
[ECO "E62"]
[WhiteElo "2257"]
[BlackElo "2376"]
[Annotator "TA"]
[PlyCount "101"]
[EventDate "2022.08.12"]
[EventType "swiss"]
[EventCountry "AUT"]
[SourceTitle "playchess.com"]
[Source "ChessBase"]
[SourceQuality "1"]
[TimeControl "40/5400+30:1800+30"]

1. Nf3 Nf6 2. g3 g6 3. Bg2 Bg7 4. O-O O-O 5. c4 d6 6. d4 Nc6 7. Nc3 e5 8. dxe5 dxe5 {[%emt 0:00:05] 8...dxe5 scores better than 8...Nxe5.} 9. Bg5 Be6 10. Qc1 {[%emt 0:00:43] E62: King's Indian: Fianchetto: 6...c6 and Panno Variation (6...Nc6) without ...a6.} Qc8 11. Rd1 Rd8 12. Rxd8+ {[%emt 0:05:39] White is slightly better.} Qxd8 13. Ne4 Bf5 14. Nfd2 h6 15. Nxf6+ Bxf6 16. Bxf6 Qxf6 17. Ne4 Bxe4 18. Bxe4 h5 {[%emt 0:00:04] [#]} 19. h4 $146 ({Predecessor:} 19. e3 Rd8 20. Qc3 h4 21. b4 b6 22. c5 Ne7 23. Qc2 Kf8 24. a4 h3 25. Rd1 {½-½ (34) Ravi,T (2464)-Chen,Q (2432) Seville 2020}) 19... Nd4 20. Qd1 c6 21. e3 Ne6 22. b4 Rd8 23. Qe2 Qe7 24. c5 f5 25. Bc2 Nc7 26. Rd1 Kg7 27. Rxd8 Qxd8 $16 {[%emt 0:00:06][%mdl 4096] Endgame KQB-KQN} 28. Bb3 Kh6 {[%emt 0:28:49] White now steadily converts the win.} 29. Qb2 Qe7 30. Qd2 Ne6 (30... Ne8 $16) 31. Bxe6 $18 Qxe6 {[%emt 0:00:05] KQ-KQ} 32. Qd8 {[%emt 0:00:07][%cal Rd8h8] [#]} Kg7 {[%emt 0:02:21] Prevents Qh8+.} 33. Qc7+ Kh6 $2 (33... Qf7 34. Qxe5+ Kh7) 34. Qxb7 Qxa2 (34... Qd5 $142 35. Qb8 (35. Qxa7 Qd1+ 36. Kh2 Qf3 $11) 35... Kh7) 35. Qxc6 Qb1+ 36. Kg2 Qxb4 37. Qd5 {[%emt 0:00:14] [#] White wants to mate with Qg8.} Qc3 38. c6 (38. Qg8 $142 e4 39. c6 Qe5 40. Qd8 Kh7 41. c7 Qc5 42. c8=Q Qxc8 43. Qxc8) 38... Qc2 39. e4 {[%emt 0:02:59] Intending Qg8 and mate.} f4 40. Qxe5 {[%emt 0:01:23][%cal Re5h8] White mates.} Kh7 41. Qc7+ Kg8 42. Qb8+ Kf7 43. Qxa7+ Kg8 44. Qb8+ Kg7 45. Qe5+ Kh7 46. Qe7+ Kh6 47. Qf8+ Kh7 48. Qf7+ Kh8 49. Qe8+ Kg7 50. gxf4 Qe2 51. Qe6 {[%emt 0:02:30] Weighted Error Value: White=0.02 (flawless) /Black=0.56} 1-0

[Event "Austrian Championship 2022"]
[Site "Vienna"]
[Date "2022.08.13"]
[Round "2.7"]
[White "Weichhart, Daniel"]
[Black "Ernst, Robert"]
[Result "1/2-1/2"]
[ECO "D02"]
[WhiteElo "1965"]
[BlackElo "2001"]
[Annotator "TA"]
[PlyCount "96"]
[EventDate "2022.08.12"]
[EventType "swiss"]
[EventCountry "AUT"]
[SourceTitle "playchess.com"]
[Source "ChessBase"]
[SourceQuality "1"]
[TimeControl "40/5400+30:1800+30"]

1. Nf3 d5 2. g3 Nf6 3. Bg2 e6 4. O-O Be7 5. d4 O-O 6. a4 {[%emt 0:00:55] D02: 1 d4 d5 2 Nf3 sidelines, including 2...Nf6 3 g3 and 2...Nf6 3 Bf4.} (6. c4 $5) 6... c5 7. c4 Nc6 8. cxd5 {[%emt 0:05:09] The position is equal.} Nxd5 {[%emt 0:05:39] [#]} 9. Nc3 $146 ({Predecessor:} 9. e4 Ndb4 10. Be3 cxd4 11. Nxd4 e5 12. Nxc6 Nxc6 13. Nc3 Be6 14. Nd5 Rc8 15. Qd2 {1-0 (43) Kahleys,K (2195)-Kumala,A (2220) Katowice 2017}) 9... Bf6 (9... b6 $11) 10. Nxd5 Qxd5 11. Be3 cxd4 {[%emt 0:02:40] [#]} (11... Qh5 $1 $14) 12. Nxd4 $1 $16 {[%emt 0:00:29][%mdl 576] Pin} Qd7 (12... Qa5 13. Nxc6) 13. Nxc6 bxc6 14. Qc2 {[%emt 0:00:41] Strongly threatening Rfd1. White is more active.} Rb8 15. Rab1 ({Resist} 15. Bxc6 Qc7 $16) ({Don't play} 15. Qxc6 $6 Rxb2 16. Rab1 Qxc6 17. Bxc6 Rxe2 $14) 15... a5 16. Bxc6 Qc7 17. Rfc1 {[%emt 0:00:30][%cal Oc2h7] And now Qxh7+! would win.} Bb7 18. Bb5 ({White should play} 18. Qe4) 18... Qxc2 19. Rxc2 Be4 20. Bd3 Bxd3 21. exd3 Rfd8 22. Rc5 Rd5 (22... Ra8 $142) 23. Rxd5 exd5 {[%mdl 4096] Endgame KRB-KRB} 24. b3 (24. Bd2 $142) 24... Bc3 25. Kf1 f5 (25... d4 $1 $11 {remains equal.}) 26. Ke2 Kf7 27. d4 Rb7 (27... Ke6 $16) 28. Kd3 Bb4 29. Bf4 g6 (29... Ke7 $16) 30. Rc1 $18 Ke6 31. Rc7 (31. Rc6+ $18 Kf7 32. Be5) 31... Rxc7 $16 32. Bxc7 {[%emt 0:00:30] KB-KB} Be1 33. f3 g5 {Against Bf4} (33... Bb4 $16 34. Bf4 Be7) 34. g4 fxg4 35. fxg4 Kd7 36. Bg3 Bb4 37. Bf2 Kc6 38. Be3 Be7 39. Bd2 Kb6 40. Ke2 Ka6 41. Kf3 Kb6 42. h4 h6 (42... gxh4 $142 43. Kg2 Bd6) 43. Be1 gxh4 44. Kf4 (44. Kg2 $16) 44... Bd6+ 45. Kf3 ({White should try} 45. Ke3 $11 h3 46. Kf3) 45... Be7 $1 (45... h3 $2 46. Bd2 $18) 46. Bd2 {[%emt 0:00:30] White is better.} Bg5 47. Bf4 Kc6 {[#] aiming for ...Bxf4.} 48. Be5 Kd7 {Weighted Error Value: White=0.17 (very precise) /Black=0.23 (precise)} 1/2-1/2

[Event "Austrian Championship 2022"]
[Site "Vienna"]
[Date "2022.08.13"]
[Round "2.8"]
[White "Marakovits, Nico"]
[Black "Leisch, Lukas"]
[Result "1/2-1/2"]
[ECO "D47"]
[WhiteElo "2259"]
[BlackElo "2404"]
[Annotator "TA"]
[PlyCount "86"]
[EventDate "2022.08.12"]
[EventType "swiss"]
[EventCountry "AUT"]
[SourceTitle "playchess.com"]
[Source "ChessBase"]
[SourceQuality "1"]
[TimeControl "40/5400+30:1800+30"]

1. d4 {[%emt 0:00:04] Hansen,LB} Nf6 2. c4 e6 3. Nf3 d5 4. Nc3 c6 5. e3 Nbd7 6. Bd3 dxc4 7. Bxc4 b5 8. Bd3 Bb7 9. e4 b4 10. Na4 c5 11. e5 Nd5 12. O-O h6 13. Qe2 {[%emt 0:09:57] D47: Semi-Slav: Meran System.} Bc6 14. Nxc5 Nxc5 15. dxc5 {[%emt 0:00:05] The position is equal.} Bxc5 16. Bd2 Qb6 {[%emt 0:07:41] [#]} 17. Rfc1 $146 {[%emt 0:05:45][%cal Oc1c5] Hoping for Rxc5!} ({Predecessor:} 17. Rac1 Rc8 18. Bc4 O-O 19. Ne1 Bd4 20. Nd3 a5 21. Qg4 Kh7 22. Qe4+ Kg8 23. Qg4 {0-1 (41) Hansen,L (2545)-Rasmussen,K (2440) Tonder 1993 CBM 036 [Hansen,LB]}) 17... Ke7 18. g3 Rhc8 19. Be1 Kf8 20. Nd2 Bb7 21. Nc4 Nf4 22. Nxb6 Nxe2+ 23. Bxe2 axb6 24. Bc4 ({White should play} 24. Rc4 $15) 24... g5 $17 25. Bb3 Kg7 26. Rd1 Rc7 27. h3 Bf3 28. Rd3 Be4 29. Rdd1 Rac8 30. Kh2 h5 31. f4 $2 (31. Rac1 $17) 31... gxf4 $2 (31... Be3 32. Bxb4 Rc2+ $1 33. Rd2 Bxd2 34. Bxc2 Rxc2 35. Bxd2 Rxd2+ 36. Kg1 Rxb2) 32. gxf4 $2 (32. Bd2 {nothing else works.} f3 33. Bf4) 32... Rg8 $2 (32... Kh7 $19 {has better winning chances. And now ...Rg8 would win.} 33. h4 Be3) 33. Bh4 Be3 $40 {[%emt 0:04:51][%mdl 128] Black is out for blood.} 34. Bg5 {[%emt 0:00:30] aiming for Re1.} Rgc8 35. Kg3 $1 {[%emt 0:04:07] [#] Re1 is the strong threat.} (35. Re1 {gets mated.} Rc2+ $1 36. Bxc2 Rxc2+) 35... Rc1 (35... Rc2 $1 $15 36. Bxc2 Rxc2) 36. Raxc1 $11 Rc6 (36... Rxc1 $11 37. Rxc1 Bxc1) 37. Rc5 $2 Rxc5 (37... Bxc5 $16 {is a better chance.} 38. Rd8 Kg6) 38. Bf6+ Kg6 39. Rc1 $4 Bxc1 (39... Rxc1 $142 40. f5+ Kxf5 41. Kh4 Kg6 42. Kg3 Rg1+ 43. Kh2 Rg2+ 44. Kh1 Rxb2#) 40. Bd1 Bd2 {[%emt 0:00:00] ( -> ...Be1+)} 41. h4 Bb1 (41... Be1+ $142 42. Kh3 Rc1 43. f5+ exf5 44. Bg5 Rxd1 45. Bf4 Bf2 46. e6 fxe6 47. Bc7 Rh1+ 48. Bh2 f4 49. b3 f3 50. a4 Bf5#) 42. a3 Kf5 43. Bg5 Be1+ {[%emt 0:06:31][%mdl 32768] Weighted Error Value: White=1.26/Black=1.39. An unexpected result.} 1/2-1/2

[Event "Austrian Championship 2022"]
[Site "Vienna"]
[Date "2022.08.13"]
[Round "2.8"]
[White "Hoegl, Emanuel"]
[Black "Hengl, Philip"]
[Result "1/2-1/2"]
[ECO "E06"]
[WhiteElo "2094"]
[BlackElo "1968"]
[Annotator "NA RC"]
[PlyCount "114"]
[EventDate "2022.08.12"]
[EventType "swiss"]
[EventCountry "AUT"]
[SourceTitle "playchess.com"]
[Source "ChessBase"]
[SourceQuality "1"]
[TimeControl "40/5400+30:1800+30"]

1. d4 d5 2. c4 e6 3. Nf3 Nf6 4. g3 Be7 5. Bg2 O-O 6. O-O c6 7. Qc2 b6 8. Ne5 a5 9. cxd5 cxd5 10. Nc3 Ba6 11. Bf4 Nfd7 12. Nxd7 Nxd7 13. Rfc1 Rc8 14. Qd1 b5 15. e4 Nb6 16. exd5 exd5 17. Qf3 Bf6 18. Rd1 b4 19. Nxd5 Nxd5 20. Qxd5 Qxd5 21. Bxd5 Rfd8 22. Bb3 Bxd4 23. Bg5 Rd6 24. Be3 Rcd8 25. Bxd4 Rxd4 26. Rxd4 Rxd4 27. Re1 Kf8 28. Re5 Bc4 29. Bxc4 Rxc4 30. Rxa5 Rc2 31. b3 g6 32. Ra4 h5 33. Rxb4 Rxa2 34. Rd4 Rb2 35. b4 Kg7 36. Kg2 Rb3 37. h4 Kf6 38. g4 hxg4 39. Rxg4 Kg7 40. f3 Rb2+ 41. Kg3 Kh6 42. Rd4 Rb3 43. Rf4 Rb1 44. Kf2 g5 45. hxg5+ Kxg5 46. Rc4 f5 47. f4+ Kg4 48. Rd4 Rb3 49. Ke2 Rf3 50. Kd2 Rxf4 51. Ke3 Rxd4 52. Kxd4 f4 53. b5 f3 54. Ke3 Kg3 55. b6 f2 56. b7 f1=Q 57. b8=Q+ Kg2 1/2-1/2

[Event "Austrian Championship 2022"]
[Site "Vienna"]
[Date "2022.08.13"]
[Round "2.9"]
[White "Kilgus, Georg"]
[Black "Gschiel, Alexander"]
[Result "1-0"]
[ECO "A13"]
[WhiteElo "2386"]
[BlackElo "2215"]
[Annotator "TA"]
[PlyCount "73"]
[EventDate "2022.08.12"]
[EventType "swiss"]
[EventCountry "AUT"]
[SourceTitle "playchess.com"]
[Source "ChessBase"]
[SourceQuality "1"]
[TimeControl "40/5400+30:1800+30"]

1. Nf3 d5 2. e3 Nf6 3. c4 e6 4. Nc3 Be7 5. b3 O-O 6. Bb2 c6 {A13: English Opening: 1...e6.} 7. d4 Qa5 8. Bd3 {[%emt 0:12:11] [#]} c5 $146 {[%emt 0:06:52] White is slightly better.} ({Predecessor:} 8... h6 9. O-O Nbd7 10. Re1 Nh7 11. e4 dxe4 12. Nxe4 Ndf6 13. Ne5 Nxe4 14. Rxe4 Nf6 {1-0 (38) Jankovic,U (1864)-Carapic,S (1926) Knic 2019}) 9. O-O cxd4 10. exd4 dxc4 11. bxc4 Ba3 12. Bxa3 Qxa3 13. Qd2 Nc6 14. Rab1 (14. Rfe1 $16) 14... Rd8 15. Ne4 Qe7 {[%emt 0:05:21] [#]} 16. Rfd1 ({White should play} 16. Qc3 $1 $16) 16... Kh8 (16... b6 $11) 17. Qe3 Ng4 {[%emt 0:05:55] Against Ne5} 18. Qg5 Qxg5 19. Nexg5 (19. Nfxg5 Nh6 $14) 19... Nh6 20. Be4 {[%emt 0:05:22] Ne5 is the strong threat.} ({Inferior is} 20. Bxh7 f6 $15) 20... f6 {[%emt 0:01:09] [#] Prevents Ne5.} 21. Bxc6 {[%emt 0:00:04] White is much more active.} ({But not} 21. Nxh7 $6 Na5 $11) ({White should try} 21. d5 $1 $16 exd5 22. cxd5) 21... bxc6 $14 22. Ne4 Ba6 23. Rdc1 Rab8 (23... Bc8 $11 {remains equal.}) 24. Rb3 $16 Nf5 25. Nc5 Rxb3 26. axb3 Bc8 27. Ra1 g5 (27... a6 $16) 28. h3 ({Resist} 28. Rxa7 $6 g4 $16) 28... h5 (28... a6 $16) 29. Rxa7 $18 {Black must now prevent Ne4.} g4 30. hxg4 hxg4 31. Nd2 {aiming for Nde4.} Rxd4 (31... e5 32. Nde4 Nxd4 33. Nxf6 Bf5) 32. Nde4 Rd1+ 33. Kh2 g3+ 34. fxg3 Ne3 35. Nxf6 Nf1+ 36. Kh3 e5+ 37. g4 {[%emt 0:11:50] Weighted Error Value: White=0.13 (very precise) /Black=0.57} 1-0